AoeStats
← KG.专业开脑壳

African Clearing

504425759Analyzed
3v3 RM · 26d ago on Sep 5, 2026· 63m 8s· 6 players
Game mode
Random Map
Map size
Normal (6 player)
Population
200
Speed
Normal
Resources
Standard
Victory
Conquest
Starting age
Dark Age
Ending age
Imperial Age
RankedLock teamsTeams togetherTeam positionsShared explorationLock speedFull tech treeHidden civsTurbo modeCheats
Victory
Defeat
🇪🇸 Mongols · Spain
1225
+16
🇪🇸 Spanish · Spain
1197
+18
🇹🇷 Spanish · Türkiye
1174
+19
🇨🇳 Burmese · China
1260
-19
🇨🇳 Mapuche · China
1222
-17
🇨🇳 Franks · China
1214
-36
Lord Pelladas
8:44 Loom
13:02 Feudal Age
13:53 Double-Bit Axe
15:39 Horse Collar
21:50 Horse Collar
28:02 Castle Age
26:40 Padded Archer Armor
28:28 Fletching
29:41 Wheelbarrow
29:18 Bow Saw
30:06 Thumb Ring
29:22 Elite Skirmisher
35:43 Scale Barding Armor
38:44 Hand Cart
39:21 Chain Barding Armor
43:07 Imperial Age
40:47 Heavy Plow
41:48 Ballistics
41:24 Murder Holes
41:43 Masonry
44:32 Plate Barding Armor
44:01 Scale Mail Armor
44:11 Forging
43:32 Pikeman
44:13 Squires
43:58 Arson
45:48 Two-Man Saw
44:14 Halberdier
46:31 Chain Mail Armor
46:52 Iron Casting
47:35 Chemistry
53:02 Plate Mail Armor
54:08 Blast Furnace
59:16 Conscription
ormtmc
10:34 Loom
13:35 Feudal Age
18:13 Castle Age
16:53 Horse Collar
21:18 Wheelbarrow
27:02 Scale Barding Armor
27:46 Sanctity
28:03 Town Watch
29:11 Chain Barding Armor
29:30 Redemption
33:31 Bloodlines
33:23 Husbandry
37:27 Double-Bit Axe
38:37 Forging
38:57 Bow Saw
39:55 Iron Casting
42:16 Hand Cart
45:55 Imperial Age
43:39 Gold Mining
43:40 Stone Mining
45:27 Stone Shaft Mining
45:09 Town Patrol
48:00 Conscription
47:40 Cavalier
52:40 Heavy Plow
53:41 Two-Man Saw
53:15 Block Printing
54:16 Blast Furnace
53:59 Plate Barding Armor
54:26 Elite Conquistador
59:05 Ballistics
59:45 Chemistry
60:19 Paladin
62:41 Capped Ram
mingenbauer
3:16 Loom
14:13 Feudal Age
19:17 Forging
21:11 Castle Age
26:16 Husbandry
27:29 Horse Collar
29:53 Ballistics
29:27 Fletching
30:20 Padded Archer Armor
35:09 Bodkin Arrow
35:30 Leather Archer Armor
35:34 Bloodlines
41:07 Imperial Age
39:05 Heavy Plow
38:59 Double-Bit Axe
40:06 Thumb Ring
40:54 Scale Barding Armor
43:09 Wheelbarrow
42:59 Nomads
43:39 Bow Saw
43:08 Elite Mangudai
45:15 Chemistry
44:59 Bracer
46:00 Light Cavalry
49:01 Elite Skirmisher
49:46 Hussar
51:46 Conscription
54:51 Gold Mining
55:25 Chain Barding Armor
57:33 Heavy Camel Rider
61:25 Iron Casting
blank_uu
9:18 Loom
15:43 Feudal Age
19:37 Castle Age
17:45 Double-Bit Axe
19:02 Horse Collar
21:23 Fletching
23:36 Padded Archer Armor
29:20 Bodkin Arrow
29:43 Leather Archer Armor
35:47 Ballistics
36:42 Bow Saw
36:34 Heavy Plow
36:30 Gold Mining
37:53 Gold Shaft Mining
37:12 Stone Mining
39:03 Wheelbarrow
44:19 Imperial Age
44:27 Town Watch
44:58 Hand Cart
44:26 Elite Bolas Rider
45:38 Ring Archer Armor
45:47 Malon
46:11 Conscription
46:54 Crop Rotation
50:23 Chemistry
49:29 Siege Engineers
49:35 Masonry
50:13 Butalmapu
51:20 Forging
54:12 Hoardings
53:09 Elite Skirmisher
57:35 Architecture
不吃香菜
6:14 Loom
15:09 Feudal Age
19:06 Castle Age
18:41 Double-Bit Axe
27:35 Scale Barding Armor
30:17 Bow Saw
35:28 Imperial Age
33:30 Gold Mining
33:30 Stone Mining
34:34 Forging
34:45 Chain Barding Armor
36:14 Chivalry
36:34 Conscription
35:37 Cavalier
38:16 Iron Casting
38:16 Plate Barding Armor
38:39 Paladin
39:25 Husbandry
42:43 Blast Furnace
42:54 Gold Shaft Mining
42:09 Stone Mining
59:02 Light Cavalry
KG.专业开脑壳
9:59 Loom
12:40 Feudal Age
12:55 Man-at-Arms
Connection lost

Rejoining the realm…

Still unreachable

The connection could not be restored.

Session expired

The server has moved on; the page needs a fresh start.